 Dungeon Crawl Stone Soup version 0.21.0-3-g78d12a8 (webtiles) character file.

17534 robertstho the Cleaver (level 12, -14/79 HPs)
             Began as a Gargoyle Berserker on Jan 10, 2018.
             Was a High Priest of Trog.
             Demolished by a titanic slime creature (56 damage)
             ... on level 12 of the Dungeon.
             The game lasted 00:37:13 (10887 turns).

robertstho the Cleaver (Gargoyle Berserker)        Turns: 10887, Time: 00:37:13

Health: -14/79     AC: 25    Str: 22    XL:     12   Next: 49%
Magic:  0/12       EV:  8    Int:  8    God:    Trog [*****.]
Gold:   925        SH:  0    Dex: 16    Spells: 11/11 levels left

rFire    + . .     SeeInvis .   T - +11 battleaxe of the Dragonfly {elec, rElec}
rCold    . . .     Gourm    .   (shield currently unavailable)
rNeg     + . .     Faith    .   q - +0 plate armour {rF+}
rPois    ∞         Spirit   +   (no helmet)
rElec    +         Reflect  .   J - +1 cloak
rCorr    .         Harm     .   (no gloves)
MR       .....                  l - +0 pair of boots
Stlth    ..........             j - amulet of guardian spirit
HPRegen  0.23/turn              g - +3 ring of dexterity
MPRegen  0.13/turn              F - ring of stealth

@: no status effects
A: negative energy resistance 1, electricity resistance, unbreathing,
petrification resistance, rot immunity, AC +8
a: Berserk, Trog's Hand, Brothers in Arms, Burn Spellbooks, Renounce Religion


You were on level 12 of the Dungeon.
You worshipped Trog.
Trog was extremely pleased with you.
You were not hungry.

You visited 1 branch of the dungeon, and saw 12 of its levels.

You collected 925 gold pieces.

Inventory:

Hand Weapons
 a - a +0 war axe of chopping
 H - a +0 whip of venom
 L - a +2 whip of freezing
 T - the +11 battleaxe of the Dragonfly (weapon) {elec, rElec}
   (Trog gifted it to you on level 8 of the Dungeon)

   Occasionally, upon striking a foe, it will discharge some electrical energy
   and cause terrible harm.
   It insulates you from electricity.
Missiles
 e - 17 javelins (quivered)
 y - 27 sling bullets
 K - 69 bolts
Armour
 l - a +0 pair of boots (worn)
 q - a +0 plate armour of fire resistance (worn)
 v - a +0 plate armour
 G - a +2 ring mail of fire resistance
 J - a +1 cloak (worn)
Jewellery
 g - a +3 ring of dexterity (left hand)
 i - an uncursed amulet of regeneration {unknown}
 j - an amulet of guardian spirit (around neck)
 F - a ring of stealth (right hand)
 N - an uncursed ring of positive energy
Wands
 Y - a wand of iceblast (8)
Scrolls
 b - 3 scrolls of teleportation
 h - 4 scrolls of remove curse
 p - 2 scrolls of noise {unknown}
 s - a scroll of vulnerability {unknown}
 x - 4 scrolls of fog {unknown}
 B - 2 scrolls of fear {unknown}
 E - a scroll of summoning {unknown}
 I - 3 scrolls of blinking {unknown}
 M - 3 scrolls of magic mapping {unknown}
 O - a scroll of enchant weapon
 P - 2 scrolls of enchant armour {unknown}
 Q - a scroll of acquirement {unknown}
 R - a scroll of brand weapon {unknown}
 S - 2 scrolls of random uselessness {unknown}
Potions
 d - a potion of agility {unknown}
 f - 3 potions of haste
 k - 2 potions of resistance
 m - 7 potions of lignification
 n - a potion of heal wounds
 o - 3 potions of might
 r - 2 potions of curing
 u - a potion of magic {unknown}
 z - a potion of berserk rage {unknown}
 A - a potion of flight {unknown}
 D - a potion of invisibility {unknown}
Comestibles
 c - 15 rations


   Skills:
 * Level 10.9 Fighting
 * Level 14.7 Axes
 + Level 6.3 Armour
 + Level 3.1 Dodging
 + Level 1.9 Stealth


You had 11 spell levels left.
You didn't know any spells.

Dungeon Overview and Level Annotations

Branches:
Dungeon (12/15)            Temple (0/1) D:5            Lair (0/6) D:10
    Orc (0/2) D:9

Altars:
Hepliaklqana
Kikubaaqudgha
Makhleb
Qazlal
Ru
Uskayaw
Wu Jian
Xom
Yredelemnul
Beogh


Innate Abilities, Weirdness & Mutations

You are resistant to torment.
Your stone body is resilient. (AC +8)
You are immune to poison.
You resist negative energy. (rN+)
You are resistant to electric shocks. (rElec)
You can survive without breathing.
You are immune to petrification.
You are immune to rotting.


Message History

The slime creature hits you but does no damage.
Two slime creatures merge to form a large slime creature.
You slice the large slime creature!!
The large slime creature is heavily wounded.
You chop the large slime creature into pieces!!!
The large slime creature is severely wounded.
You slice the slime creature!!
Two slime creatures merge to form an enormous slime creature.
Two slime creatures merge to form a titanic slime creature.
The slime creature completely misses you.
You slice the titanic slime creature!!
The titanic slime creature is moderately wounded.
You completely miss the slime creature. The titanic slime creature hits you!!!
The slime creature hits you but does no damage.
You slice the titanic slime creature!!
The titanic slime creature is heavily wounded.
Your plate armour prevents you from hitting the slime creature.
The titanic slime creature hits you!!!
Ouch! That really hurt!
You die...

##########
#........#....#
+........#....#
#........# ...#
######@#.###..#########
#.....JJ#<..#...........
#.......#...#...........
#.......#...#...........
#..$....#...'...........
#.......#...#...........
#.......#...#...........
#############...........
...............


You could see a titanic slime creature and a slime creature.

Vanquished Creatures
  Erolcha (D:9)
  The ghost of iamoutofideas the Grappler, a novice TrMo of Ru (D:8)
  The ghost of Triskal the Cutter, a journeyman GrEE of Okawaru (D:10)
  4 two-headed ogres
  2 unseen horrors (D:11)
  Pikel (D:6)
  A cyclops (D:12)
  A kobold demonologist (D:11)
  A redback zombie (D:9)
  A hornet (D:9)
  Grinder (D:6)
  4 trolls
  A hippogriff (D:12)
  Sigmund (D:5)
  A wraith (D:10)
  4 yaks (D:10)
  2 wyverns
  4 hogs (D:8)
  A human (D:8)
  2 hungry ghosts
  2 vampire mosquitoes (D:12)
  7 orc warriors
  5 sky beasts
  A phantom (D:7)
  An ice beast (D:8)
  3 slaves (D:6)
  A hornet zombie (D:12)
  A necrophage (D:8)
  7 ogres
  2 black bears
  8 centaurs
  2 big kobolds
  9 bullfrogs
  A gnoll sergeant (D:7)
  A scorpion (D:10)
  11 killer bees
  2 howler monkeys (D:8)
  9 crimson imps
  4 bullfrog zombies
  A quasit (D:9)
  A jelly (D:5)
  12 orc priests
  4 bullfrog skeletons
  10 hounds
  3 centaur skeletons
  10 orc wizards
  2 iguanas
  3 worker ants
  3 hound skeletons
  3 gnolls (D:7)
  A howler monkey skeleton (D:10)
  13 adders
  5 shadow imps
  An ooze (D:2)
  3 adder skeletons
  An adder zombie (D:6)
  2 worms
  4 dart slugs
  4 leopard geckos
  58 orcs
  7 giant cockroaches
  8 goblins
  10 hobgoblins
  8 jackals
  4 quokkas
  3 ball pythons
  A ball python zombie (D:6)
  8 bats
  7 frilled lizards
  A jackal zombie (D:6)
  11 kobolds
  A quokka skeleton (D:9)
  13 rats
338 creatures vanquished.

Vanquished Creatures (collateral kills)
  An orc warrior (D:9)
  2 orc priests (D:9)
  12 orcs (D:9)
15 creatures vanquished.

Grand Total: 353 creatures vanquished

Notes
Turn   | Place    | Note
-------+----------+-------------------------------------------
     0 | D:1      | robertstho the Gargoyle Berserker began the quest for the Orb.
     0 | D:1      | Reached XP level 1. HP: 14/14 MP: 1/1
   203 | D:1      | Reached skill level 3 in Axes
   203 | D:1      | Reached XP level 2. HP: 11/19 MP: 2/2
   759 | D:1      | Reached XP level 3. HP: 22/24 MP: 3/3
   875 | D:2      | Reached ** piety under Trog
   959 | D:2      | Reached XP level 4. HP: 9/29 MP: 1/4
  1631 | D:2      | Reached skill level 4 in Axes
  1866 | D:3      | Reached XP level 5. HP: 33/33 MP: 5/5
  2040 | D:3      | Reached *** piety under Trog
  2274 | D:3      | Found a hazy altar of Hepliaklqana.
  2276 | D:3      | Found an ancient bone altar of Kikubaaqudgha.
  2276 | D:3      | Found a deep blue altar of Sif Muna.
  2280 | D:3      | Found a bloodstained altar of Trog.
  2280 | D:3      | Found a shimmering altar of Xom.
  2280 | D:3      | Found a glowing silver altar of Zin.
  2512 | D:4      | Found a basalt altar of Yredelemnul.
  2514 | D:4      | Found a sacrificial altar of Ru.
  2763 | D:4      | Reached XP level 6. HP: 36/39 MP: 6/6
  2793 | D:4      | Reached skill level 1 in Stealth
  2815 | D:4      | Reached skill level 5 in Axes
  3322 | D:4      | Found a burning altar of Makhleb.
  3401 | D:4      | Reached XP level 7. HP: 44/44 MP: 7/7
  3488 | D:5      | Entered Level 5 of the Dungeon
  3811 | D:5      | Noticed Sigmund
  3820 | D:5      | Killed Sigmund
  3820 | D:5      | Reached skill level 5 in Fighting
  3820 | D:5      | Reached skill level 6 in Axes
  4052 | D:5      | Reached **** piety under Trog
  4126 | D:5      | Reached XP level 8. HP: 50/50 MP: 8/8
  4190 | D:5      | Reached skill level 7 in Axes
  4525 | D:5      | Found a staircase to the Ecumenical Temple.
  4640 | D:6      | Noticed Grinder
  4648 | D:6      | Paralysed by Grinder for 3 turns
  4652 | D:6      | Killed Grinder
  4652 | D:6      | Reached skill level 8 in Axes
  4705 | D:6      | Noticed Pikel
  4722 | D:6      | Killed Pikel
  4722 | D:6      | Reached skill level 9 in Axes
  4722 | D:6      | Reached XP level 9. HP: 56/56 MP: 9/9
  5636 | D:7      | Found an ornate altar of the Wu Jian Council.
  5888 | D:7      | Reached skill level 10 in Axes
  6574 | D:8      | Reached XP level 10. HP: 64/64 MP: 10/10
  6595 | D:8      | Reached ***** piety under Trog
  6718 | D:8      | Got a heavily runed turquoise ring
  6720 | D:8      | Identified the ring of Gant {Wiz -Tele rElec Int+4} (You took it off a crimson imp on level 8 of the Dungeon)
  6963 | D:8      | Received a gift from Trog
  6969 | D:8      | Got a smoking battleaxe {god gift}
  6970 | D:8      | Identified the +11 battleaxe of the Dragonfly {elec, rElec} (Trog gifted it to you on level 8 of the Dungeon)
  7066 | D:8      | Found a hide-covered altar of Uskayaw.
  7098 | D:8      | Noticed iamoutofideas's ghost (novice TrMo)
  7107 | D:8      | Reached skill level 11 in Axes
  7118 | D:8      | Killed iamoutofideas's ghost
  7525 | D:8      | Found a hazy altar of Hepliaklqana.
  7622 | D:8      | Reached skill level 5 in Armour
  7802 | D:9      | Found a staircase to the Orcish Mines.
  7890 | D:9      | Noticed Erolcha
  7897 | D:9      | Killed Erolcha
  7897 | D:9      | Reached skill level 12 in Axes
  8082 | D:9      | Reached XP level 11. HP: 63/71 MP: 8/11
  8084 | D:9      | Found a stormy altar of Qazlal.
  8151 | D:9      | Found a sacrificial altar of Ru.
  8213 | D:9      | Noticed a two-headed ogre
  8217 | D:9      | Killed a two-headed ogre
  8508 | D:10     | Entered Level 10 of the Dungeon
  8630 | D:10     | Found a staircase to the Lair.
  8631 | D:10     | Noticed a two-headed ogre
  8637 | D:10     | Killed a two-headed ogre
  8637 | D:10     | Reached skill level 13 in Axes
  8786 | D:10     | Noticed Triskal's ghost (journeyman GrEE)
  8797 | D:10     | Killed Triskal's ghost
  8903 | D:10     | Received a gift from Trog
  9009 | D:10     | Reached skill level 10 in Fighting
  9329 | D:11     | Killed an unseen horror
  9531 | D:11     | Noticed a sixfirhy
  9534 | D:11     | Noticed a soul eater
  9547 | D:11     | Reached XP level 12. HP: 78/78 MP: 6/12
  9662 | D:11     | Noticed a two-headed ogre
  9667 | D:11     | Killed a two-headed ogre
  9667 | D:11     | Reached skill level 14 in Axes
 10061 | D:12     | Found a roughly hewn altar of Beogh.
 10575 | D:12     | Noticed a two-headed ogre
 10584 | D:12     | Killed a two-headed ogre
 10887 | D:12     | Demolished by a titanic slime creature

Skill      XL: |  1  2  3  4  5  6  7  8  9 10 11 12 |
---------------+-------------------------------------+-----
Axes           | 3 4 5 6 9 10 12 13 14 | 14.7
Fighting       | 4 5 6 7 9 10 | 10.9
Dodging        | 2 3 |  3.1
Stealth        | 1 |  1.9
Armour         | 3 4 5 6 |  6.3

Action                   |  1- 3 |  4- 6 |  7- 9 | 10-12 || total
-------------------------+-------+-------+-------+-------++-------
Melee: Hand axe          |    94 |   246 |   510 |    74 ||   924
       Battleaxe         |       |       |       |   315 ||   315
Invok: Berserk           |     1 |     2 |     5 |     5 ||    13
       Burn Spellbooks   |       |       |     1 |     3 ||     4
       Trog's Hand       |       |       |       |     1 ||     1
       Brothers in Arms  |       |       |       |     1 ||     1
  Use: Scroll            |     2 |     3 |       |    11 ||    16
 Stab: Sleeping          |     2 |     4 |       |       ||     6
  Eat: Chunk             |       |     7 |     8 |    21 ||    36
       Ration            |       |     1 |     3 |       ||     4
Armor: Animal skin       |    42 |    23 |       |       ||    65
       Leather armour    |       |    68 |    19 |       ||    87
       Plate armour      |       |       |   282 |   280 ||   562
       Ring mail         |       |       |     4 |       ||     4
Dodge: Dodged            |    64 |   155 |   158 |   135 ||   512
